 Dungeon Crawl Stone Soup version 0.23.1 (webtiles) character file.

Game seed: 0

184 misha the Poker (level 5, -5/43 HPs)
             Began as a Merfolk Chaos Knight on Mar 3, 2019.
             Slain by an orc warrior
             ... wielding a +0 battleaxe
              (14 damage)
             ... on level 3 of the Dungeon.
             The game lasted 00:07:01 (2431 turns).

misha the Poker (Merfolk Chaos Knight)              Turns: 2431, Time: 00:07:02

Health: -5/43      AC:  5    Str: 13    XL:     5   Next: 63%
Magic:  5/5        EV: 13    Int: 12    God:
Gold:   133        SH:  0    Dex: 13    Spells: 4/4 levels left

rFire    . . .     SeeInvis .   m - +0 trident
rCold    + . .     Gourm    .   (no shield)
rNeg     . . .     Faith    .   b - +2 leather armour
rPois    .         Spirit   .   (helmet restricted)
rElec    .         Reflect  .   (no cloak)
rCorr    .         Harm     .   (no gloves)
MR       .....                  (no boots)
Stlth    +.........             (no amulet)
HPRegen  0.14/turn              (no ring)
MPRegen  0.09/turn              (no ring)

@: no status effects
A: change form in water, swift swim, stealthy swim, antennae 2, cold resistance
1
a: no special abilities


You were on level 3 of the Dungeon.
You were very hungry.

You visited 1 branch of the dungeon, and saw 3 of its levels.

You collected 133 gold pieces.

Inventory:

Hand Weapons
 a - a +0 spear of chaos
 m - a +0 trident (weapon)
Missiles
 f - 120 stones (quivered)
Armour
 b - a +2 leather armour (worn)
Jewellery
 j - a cursed amulet of inaccuracy {unknown}
Scrolls
 e - 4 scrolls of teleportation {unknown}
 g - 6 scrolls of identify {unknown}
 l - a scroll of amnesia {unknown}
 o - a scroll of random uselessness {unknown}
Potions
 d - a potion of heal wounds {unknown}
 h - a potion of ambrosia {unknown}
 i - 2 potions of brilliance {unknown}
 k - a potion of degeneration {unknown}
 n - a potion of resistance {unknown}
Comestibles
 c - 5 rations


   Skills:
 + Level 4.6 Fighting
 * Level 7.5 Polearms
 - Level 0.6 Armour
 - Level 3.1 Dodging


You had 4 spell levels left.
You didn't know any spells.
Your spell library was empty.

Dungeon Overview and Level Annotations

Branches:
Dungeon (3/15)

Altars:


Innate Abilities, Weirdness & Mutations

You revert to your normal form in water You are very nimble and swift while swimming.
You are very stealthy in the water. (Stealth+)
You have a pair of antennae on your head.
Your flesh is cold resistant. (rC+)


Message History

Items here: )) [ † a +3 dagger of protection; a +0 robe; a +0 club; a hobgoblin corpse You hit the orc warrior but do no damage.
The orc warrior hits you with a +0 battleaxe.
You hit the orc warrior.
The orc warrior is lightly wounded.
The orc warrior barely misses you.
You closely miss the orc warrior.
The orc warrior is lightly wounded.
You hit the orc warrior but do no damage.
The orc warrior is lightly wounded.
The orc warrior hits you with a +0 battleaxe!!
* * * LOW HITPOINT WARNING * * *
Sorry, you're not good enough to have a special ability.
Sorry, you're not good enough to have a special ability.
You hit the orc warrior.
The orc warrior is lightly wounded.
The orc closely misses you.
The orc warrior hits you with a +0 battleaxe!
You die...

#.##.......# #.......#
..##..##...# #..[...$#
####..##...###.......###
.###........##..........
.#........#.##........#
...#<.......##...(....#
......###...##........#
...#..#.........)o....#
##.#..#....##.##@######
.#............#.o.......
.##................#####
.##..................
####.###........?..#.#
.....................#
.....>##.####.#..#####
.....###.........#
####.########.##.


You could see an orc warrior and an orc.

Vanquished Creatures
  3 orc wizards
  An orc priest (D:2)
  A gnoll (D:1)
  2 worms
  A dart slug (D:2)
  A leopard gecko (D:2)
  2 orcs
  2 giant cockroaches
  10 goblins
  5 hobgoblins
  A ball python (D:1)
  5 bats
  A frilled lizard (D:2)
  10 kobolds
  7 rats
52 creatures vanquished.

Vanquished Creatures (others)
  An orc (D:2)
1 creature vanquished.

Grand Total: 53 creatures vanquished

Notes
Turn   | Place    | Note
-------+----------+-------------------------------------------
     0 | D:1      | misha the Merfolk Chaos Knight began the quest for the Orb.
     0 | D:1      | Reached XP level 1. HP: 18/18 MP: 1/1
   130 | D:1      | Reached XP level 2. HP: 24/24 MP: 2/2
   211 | D:1      | Reached skill level 5 in Polearms
   240 | D:1      | Reached XP level 3. HP: 30/30 MP: 3/3
   638 | D:1      | Fell from the grace of Xom
  1137 | D:2      | Reached skill level 6 in Polearms
  1137 | D:2      | Reached XP level 4. HP: 8/37 MP: 4/4
  1147 | D:2      | Reached XP level 5. HP: 6/43 MP: 5/5
  1148 | D:2      | Reached skill level 7 in Polearms
  1888 | D:2      | XOM: give mutations
  1888 | D:2      | Gained mutation: You have a pair of small antennae on your
                  | head. [Xom's grace]
  1888 | D:2      | Gained mutation: Your flesh is cold resistant. (rC+) [Xom's
                  | grace]
  1888 | D:2      | Gained mutation: You have a pair of antennae on your head.
                  | [Xom's grace]
  2412 | D:3      | Noticed an orc warrior
  2431 | D:3      | Slain by an orc warrior

Skill      XL: |  1  2  3  4  5 |
---------------+----------------+-----
Dodging        | 3 |  3.1
Polearms       | 5 6 7 |  7.5
Fighting       | 4 |  4.6
Armour         | |  0.6

Action                   |  1- 3 |  4- 6 || total
-------------------------+-------+-------++-------
Melee: Spear             |    97 |    34 ||   131
       Tailslap          |     3 |       ||     3
       Trident           |       |    28 ||    28
Invok: Renounce Religion |     1 |       ||     1
 Stab: Confused          |     1 |       ||     1
       Sleeping          |       |     1 ||     1
  Eat: Ration            |       |     1 ||     1
Armor: Leather armour    |    18 |     7 ||    25
Dodge: Dodged            |    38 |    24 ||    62
